[Event "46th GRE-chT Premier 2018"]
[Site "Rio Achaia"]
[Date "2018.07.12"]
[Round "4"]
[White "Dimopoulos, Symeon"]
[Black "Klerides, Paris"]
[Result "1/2-1/2"]
[ECO "B52"]
[WhiteElo "2020"]
[BlackElo "2196"]
[Annotator "NA"]
[PlyCount "64"]
[EventDate "2018.07.10"]
[EventType "team-tourn"]
[EventCountry "GRE"]
[SourceTitle "playchess.com"]
[Source "ChessBase"]
[SourceQuality "1"]
[TimeControl "40/5400+30:1800+30"]

1. e4 c5 2. Nf3 d6 3. Bb5+ Bd7 4. Bxd7+ Qxd7 5. c4 Nc6 6. d4 cxd4 7. Nxd4 Nf6 8. Nc3 g6 9. b3 Bg7 10. Bb2 O-O 11. O-O Rac8 12. Rc1 a6 13. Nxc6 Rxc6 14. Qe2 Rfc8 15. Nd5 b5 16. Nb4 Rb6 17. Bd4 Rb7 18. cxb5 axb5 19. Bxf6 Bxf6 20. Nd5 Bg5 21. f4 Rxc1 22. Rxc1 e6 23. fxg5 exd5 24. exd5 Rb8 25. h4 Re8 26. Qf2 Re5 27. Qf3 Qe8 28. g4 Re3 29. Qf4 Re4 30. Qf3 Re3 31. Qf4 Re4 32. Qf3 Re3 1/2-1/2

[Event "46th GRE-chT Premier 2018"]
[Site "Rio Achaia"]
[Date "2018.07.12"]
[Round "4"]
[White "Tsivelekidou, Evgenia"]
[Black "Marinakis, Hristos"]
[Result "1-0"]
[ECO "D30"]
[WhiteElo "2007"]
[BlackElo "1942"]
[Annotator "NA"]
[PlyCount "55"]
[EventDate "2018.07.10"]
[EventType "team-tourn"]
[EventCountry "GRE"]
[SourceTitle "playchess.com"]
[Source "ChessBase"]
[SourceQuality "1"]
[TimeControl "40/5400+30:1800+30"]

1. d4 d5 2. c4 e6 3. Nf3 c5 4. cxd5 exd5 5. Bg5 Be7 6. Bxe7 Qxe7 7. Nc3 Nf6 8. e3 Nc6 9. Be2 O-O 10. dxc5 Qxc5 11. O-O Bf5 12. Rc1 Qa5 13. Qb3 Rab8 14. Rfd1 Rfd8 15. Nd4 Bg6 16. a3 Qc7 17. Nf3 Qa5 18. Qb5 a6 19. Qb3 Rd7 20. Na4 Bh5 21. Rxc6 Bxf3 22. Bxf3 Qb5 23. Rc3 d4 24. exd4 Re8 25. Qxb5 axb5 26. Nc5 Rxd4 27. Rcd3 Rxd3 28. Nxd3 1-0

[Event "46th GRE-chT Premier 2018"]
[Site "Rio Achaia"]
[Date "2018.07.12"]
[Round "4"]
[White "Kadianis, Georgios"]
[Black "Tsekmes, Dimitrios"]
[Result "0-1"]
[ECO "C47"]
[WhiteElo "2002"]
[BlackElo "2170"]
[Annotator "NA"]
[PlyCount "80"]
[EventDate "2018.07.10"]
[EventType "team-tourn"]
[EventCountry "GRE"]
[SourceTitle "playchess.com"]
[Source "ChessBase"]
[SourceQuality "1"]
[TimeControl "40/5400+30:1800+30"]

1. e4 e5 2. Nf3 Nc6 3. Nc3 Nf6 4. d4 exd4 5. Nxd4 Bc5 6. Be3 Bb6 7. Qd2 Ng4 8. Nxc6 bxc6 9. Bd4 Bxd4 10. Qxd4 Qf6 11. Qd2 d6 12. h3 Ne5 13. O-O-O O-O 14. f4 Ng6 15. g3 Rb8 16. Be2 c5 17. Rdf1 Bb7 18. Bf3 Rfe8 19. Re1 a5 20. h4 Nf8 21. Nd1 a4 22. a3 Ne6 23. c3 c4 24. Nf2 Nc5 25. Qc2 Bc6 26. Kb1 Rb6 27. Ka2 Reb8 28. Rb1 Qd8 29. Be2 Bb5 30. Rhd1 Qc8 31. h5 Qe6 32. Bg4 Qe8 33. h6 Nd3 34. hxg7 Ba6 35. Bf5 Rxb2+ 36. Rxb2 Rxb2+ 37. Qxb2 Nxb2 38. Rh1 Qb5 39. Rxh7 Qb3+ 40. Ka1 Qxc3 0-1

[Event "46th GRE-chT Premier 2018"]
[Site "Rio Achaia"]
[Date "2018.07.12"]
[Round "4"]
[White "Vatkali, Dimitra"]
[Black "Antoniadou, Paraskevi"]
[Result "0-1"]
[ECO "C54"]
[WhiteElo "1979"]
[BlackElo "1764"]
[Annotator "NA"]
[PlyCount "80"]
[EventDate "2018.07.10"]
[EventType "team-tourn"]
[EventCountry "GRE"]
[SourceTitle "playchess.com"]
[Source "ChessBase"]
[SourceQuality "1"]
[TimeControl "40/5400+30:1800+30"]

1. e4 e5 2. Nf3 Nc6 3. Bc4 Bc5 4. c3 Nf6 5. d3 d6 6. b4 Bb6 7. a4 a6 8. O-O h6 9. Re1 O-O 10. h3 Ne7 11. Nbd2 Ng6 12. Nf1 Nh7 13. Ng3 Qf6 14. Nh5 Qe7 15. d4 Ng5 16. Nxg5 hxg5 17. Be3 Nf4 18. dxe5 dxe5 19. Bxb6 cxb6 20. Nxf4 gxf4 21. Bd5 Qg5 22. Qf3 Rb8 23. Red1 g6 24. c4 Kg7 25. a5 Qf6 26. axb6 Qxb6 27. Qc3 Qf6 28. Rd3 Rh8 29. c5 Bd7 30. Bc4 Bc6 31. Rd6 Qg5 32. Bd5 Bb5 33. Re1 Qe7 34. Bc4 Bxc4 35. Qxc4 f3 36. Qc1 Rxh3 37. Rd3 Rh1+ 38. Kxh1 Qh4+ 39. Kg1 Rh8 40. Kf1 Qh1# 0-1

[Event "46th GRE-chT Premier 2018"]
[Site "Rio Achaia"]
[Date "2018.07.12"]
[Round "4"]
[White "Karapiperis, Alexandros"]
[Black "Gkonelas, Nikolaos"]
[Result "1/2-1/2"]
[ECO "C45"]
[WhiteElo "1973"]
[BlackElo "1917"]
[Annotator "NA"]
[PlyCount "66"]
[EventDate "2018.07.10"]
[EventType "team-tourn"]
[EventCountry "GRE"]
[SourceTitle "playchess.com"]
[Source "ChessBase"]
[SourceQuality "1"]
[TimeControl "40/5400+30:1800+30"]

1. e4 e5 2. Nf3 Nc6 3. d4 exd4 4. Nxd4 Nf6 5. Nxc6 bxc6 6. e5 Qe7 7. Qe2 Nd5 8. c4 Ba6 9. Nd2 Nb6 10. b3 g6 11. Bb2 Bg7 12. O-O-O O-O-O 13. g3 Rhe8 14. f4 Kb8 15. Bg2 Bb7 16. Qf2 f6 17. Rhe1 fxe5 18. fxe5 Rf8 19. Qe3 Rde8 20. Bd4 Rf7 21. Nf3 Qf8 22. c5 Nd5 23. Qe4 Rfe7 24. Bh3 Ka8 25. Kb2 Qh8 26. Rd2 Ba6 27. Ka1 Bb7 28. Kb2 Ba6 29. Ka1 Kb8 30. Kb2 Bb7 31. Ka1 Ka8 32. Kb2 Bc8 33. Ka1 Ba6 1/2-1/2

[Event "46th GRE-chT Premier 2018"]
[Site "Rio Achaia"]
[Date "2018.07.12"]
[Round "4"]
[White "Vozinaki, Anthi - Maria"]
[Black "Bichaki, Ourania"]
[Result "1-0"]
[ECO "B17"]
[WhiteElo "1971"]
[BlackElo "1099"]
[Annotator "NA"]
[PlyCount "53"]
[EventDate "2018.07.10"]
[EventType "team-tourn"]
[EventCountry "GRE"]
[SourceTitle "playchess.com"]
[Source "ChessBase"]
[SourceQuality "1"]
[TimeControl "40/5400+30:1800+30"]

1. e4 c6 2. d4 d5 3. Nc3 dxe4 4. Nxe4 Nd7 5. Nf3 Ngf6 6. Nxf6+ Nxf6 7. Bc4 Bf5 8. O-O e6 9. c3 Bd6 10. Bg5 O-O 11. Re1 Be7 12. Qe2 Nd5 13. Bxe7 Qxe7 14. Rad1 Qf6 15. Ne5 Qg5 16. Nf3 Qg6 17. Nh4 Nf4 18. Qf3 Qg5 19. Nxf5 exf5 20. Re5 Rfe8 21. Rde1 Kf8 22. R1e3 f6 23. h4 Qxh4 24. Rxf5 Rxe3 25. Qxe3 Ng6 26. Qe6 Ne7 27. Qf7# 1-0

[Event "46th GRE-chT Premier 2018"]
[Site "Rio Achaia"]
[Date "2018.07.12"]
[Round "4"]
[White "Moshovakis, Aggelos"]
[Black "Apostolakakis, Konstantinos"]
[Result "0-1"]
[ECO "B51"]
[WhiteElo "1964"]
[BlackElo "2028"]
[Annotator "NA"]
[PlyCount "106"]
[EventDate "2018.07.10"]
[EventType "team-tourn"]
[EventCountry "GRE"]
[SourceTitle "playchess.com"]
[Source "ChessBase"]
[SourceQuality "1"]
[TimeControl "40/5400+30:1800+30"]

1. e4 c5 2. Nf3 d6 3. Bb5+ Nd7 4. O-O a6 5. Bd3 Ngf6 6. Re1 e6 7. c3 Be7 8. Bc2 b5 9. d4 Bb7 10. Nbd2 Qc7 11. Nf1 O-O 12. Ng3 Rac8 13. Bd3 Rfe8 14. Bd2 Bf8 15. Rc1 g6 16. h4 Qb8 17. h5 cxd4 18. cxd4 Rxc1 19. Bxc1 e5 20. d5 Nc5 21. Bg5 Be7 22. Bc2 b4 23. hxg6 fxg6 24. Qd2 Bc8 25. Nh4 a5 26. Rf1 Qa7 27. Kh1 Rf8 28. Bh6 Rf7 29. Bg5 Rf8 30. f4 Nh5 31. Nhf5 Bxf5 32. Nxh5 Bxe4 33. Bxe7 Qxe7 34. Bxe4 Qh4+ 35. Kg1 Nxe4 36. Qe3 gxh5 37. Qxe4 Rxf4 38. Qc2 Rxf1+ 39. Kxf1 Qf4+ 40. Ke1 Qe3+ 41. Kf1 Qc5 42. Qd2 Qc4+ 43. Ke1 Qe4+ 44. Kd1 Qd4 45. Qxd4 exd4 46. Kd2 Kf7 47. Kd3 Kf6 48. Kxd4 Kf5 49. Kc4 Ke4 50. Kb5 Kxd5 51. Kxa5 Kc4 52. b3+ Kc3 53. Kb5 d5 0-1

[Event "46th GRE-chT Premier 2018"]
[Site "Rio Achaia"]
[Date "2018.07.12"]
[Round "4"]
[White "Karaboikis, Spiridon"]
[Black "Kalofonos, Panayotis"]
[Result "1/2-1/2"]
[ECO "D00"]
[WhiteElo "1942"]
[BlackElo "1896"]
[Annotator "NA"]
[PlyCount "70"]
[EventDate "2018.07.10"]
[EventType "team-tourn"]
[EventCountry "GRE"]
[SourceTitle "playchess.com"]
[Source "ChessBase"]
[SourceQuality "1"]
[TimeControl "40/5400+30:1800+30"]

1. d4 d5 2. Bf4 Nf6 3. e3 c5 4. c3 Nc6 5. Nd2 Bf5 6. Qb3 Qc8 7. Ngf3 h6 8. h3 e6 9. Be2 c4 10. Qd1 Be7 11. b4 a6 12. O-O b5 13. Ne5 Nxe5 14. Bxe5 a5 15. a3 O-O 16. Re1 Ne4 17. Nxe4 Bxe4 18. Bf3 Bxf3 19. Qxf3 f6 20. Bg3 f5 21. Be5 Qd7 22. Qh5 Kh7 23. f4 Ra7 24. Rac1 axb4 25. axb4 Ra3 26. Re2 g6 27. Qf3 Rfa8 28. g4 Bd6 29. gxf5 gxf5 30. Rg2 Bxe5 31. fxe5 Qf7 32. Kh2 Rg8 33. Rxg8 Qxg8 34. Rc2 Ra1 35. Rg2 Qf7 1/2-1/2

[Event "46th GRE-chT Premier 2018"]
[Site "Rio Achaia"]
[Date "2018.07.12"]
[Round "4"]
[White "Konstantelias, Konstantinos"]
[Black "Pappas, Andreas"]
[Result "1-0"]
[ECO "A01"]
[WhiteElo "1942"]
[BlackElo "2019"]
[Annotator "NA"]
[PlyCount "109"]
[EventDate "2018.07.10"]
[EventType "team-tourn"]
[EventCountry "GRE"]
[SourceTitle "playchess.com"]
[Source "ChessBase"]
[SourceQuality "1"]
[TimeControl "40/5400+30:1800+30"]

1. b3 e5 2. Bb2 Nc6 3. e3 d5 4. Bb5 f6 5. Qh5+ g6 6. Qh4 Nh6 7. f4 Nf5 8. Qf2 exf4 9. Qxf4 Bd6 10. Qf2 O-O 11. Bxc6 bxc6 12. Ne2 Qe7 13. Nbc3 Bd7 14. O-O-O Ba3 15. g4 Bxb2+ 16. Kxb2 Nd6 17. Qg2 a5 18. Ka1 a4 19. Nxa4 f5 20. g5 Ne4 21. h4 Qa3 22. Nac3 f4 23. Nc1 Nxc3 24. dxc3 fxe3 25. Rhf1 Bf5 26. h5 Rae8 27. Rde1 Qe7 28. hxg6 hxg6 29. Kb2 Qe5 30. Ne2 c5 31. Rd1 Be4 32. Qg3 Qxg3 33. Nxg3 Bg2 34. Rxf8+ Rxf8 35. Re1 d4 36. b4 Rf3 37. Ne2 Rf2 38. cxd4 Bf3 39. Ng1 cxd4 40. Nxf3 Rxf3 41. Kb3 e2+ 42. Kc4 Rc3+ 43. Kxd4 Rxc2 44. a4 Kf7 45. a5 c6 46. a6 Ra2 47. Kc5 Rxa6 48. Rxe2 Ra4 49. Rf2+ Kg7 50. Rd2 Ra1 51. Kxc6 Rc1+ 52. Kb6 Rg1 53. Rd5 Rf1 54. b5 Rf5 55. Kc6 1-0

[Event "46th GRE-chT Premier 2018"]
[Site "Rio Achaia"]
[Date "2018.07.12"]
[Round "4"]
[White "Loupos, Vasilios"]
[Black "Boviatsis, Charalampos"]
[Result "1-0"]
[ECO "A80"]
[WhiteElo "1927"]
[BlackElo "1979"]
[Annotator "NA"]
[PlyCount "119"]
[EventDate "2018.07.10"]
[EventType "team-tourn"]
[EventCountry "GRE"]
[SourceTitle "playchess.com"]
[Source "ChessBase"]
[SourceQuality "1"]
[TimeControl "40/5400+30:1800+30"]

1. d4 f5 2. Bg5 Nf6 3. Bxf6 exf6 4. g3 d5 5. Bg2 c6 6. c3 Bd6 7. Nh3 Na6 8. e3 Be6 9. Nf4 Bf7 10. Nd2 O-O 11. O-O Re8 12. a4 Nc7 13. a5 a6 14. Nd3 Re7 15. Nb3 g5 16. Nbc5 Rb8 17. Bf3 Qe8 18. Kh1 Kh8 19. Re1 Qf8 20. Rg1 Nb5 21. Qf1 h5 22. h4 Qh6 23. Rg2 Rg8 24. Rh2 Be8 25. Rc1 Bb8 26. hxg5 fxg5 27. Ne5 Nd6 28. Kg2 Ne4 29. Nxe4 dxe4 30. Bxh5 Rh7 31. Qh1 Bxe5 32. Bxe8 Qxh2+ 33. Qxh2 Rxh2+ 34. Kxh2 Rxe8 35. dxe5 Rxe5 36. Rd1 Rxa5 37. Rd7 Rb5 38. b4 c5 39. bxc5 Rxc5 40. Rxb7 Rxc3 41. Rb6 Ra3 42. Re6 g4 43. Re5 Ra2 44. Kg2 a5 45. Rxf5 Kh7 46. Rg5 Ra4 47. Rxg4 Rb4 48. Rg5 a4 49. g4 Kh6 50. Ra5 Kg6 51. Ra6+ Kg5 52. Kg3 Rc4 53. Ra5+ Kg6 54. Kf4 Rb4 55. Ra6+ Kg7 56. g5 Kf7 57. Ke5 Kg7 58. Kf5 Rc4 59. Ra7+ Kg8 60. Kg6 1-0

[Event "46th GRE-chT Premier 2018"]
[Site "Rio Achaia"]
[Date "2018.07.12"]
[Round "4"]
[White "Betsakos, Konstantinos"]
[Black "Loutragotis, Paraskevas Pantelei"]
[Result "0-1"]
[ECO "A48"]
[WhiteElo "1913"]
[BlackElo "1980"]
[Annotator "NA"]
[PlyCount "82"]
[EventDate "2018.07.10"]
[EventType "team-tourn"]
[EventCountry "GRE"]
[SourceTitle "playchess.com"]
[Source "ChessBase"]
[SourceQuality "1"]
[TimeControl "40/5400+30:1800+30"]

1. d4 Nf6 2. Nf3 g6 3. Bg5 Bg7 4. Nbd2 d6 5. c3 O-O 6. e4 Nbd7 7. Bc4 c6 8. O-O Nxe4 9. Bxf7+ Rxf7 10. Nxe4 Nf6 11. Bxf6 exf6 12. d5 c5 13. a4 h6 14. Nfd2 f5 15. Ng3 b6 16. f4 a6 17. Nc4 Rb8 18. a5 b5 19. Nb6 Rxb6 20. axb6 Qxb6 21. Qe2 Bd7 22. Rf3 a5 23. Re3 Bf6 24. Nf1 a4 25. Nd2 Qb7 26. Rd1 b4 27. Qd3 Bb5 28. Qb1 a3 29. Nf3 axb2 30. Qxb2 Bc4 31. h4 bxc3 32. Qf2 Bxd5 33. Ne5 dxe5 34. fxe5 Bg7 35. Rxc3 c4 36. Re1 Re7 37. Qf4 Qb6+ 38. Kh1 Qe6 39. Rce3 Be4 40. Rxe4 fxe4 41. Qxe4 c3 0-1

[Event "46th GRE-chT Premier 2018"]
[Site "Rio Achaia"]
[Date "2018.07.12"]
[Round "4"]
[White "Gavriil, Odysseas-Panagiotis"]
[Black "Brokalakis - Gounaris, Christos"]
[Result "1/2-1/2"]
[ECO "A05"]
[WhiteElo "1910"]
[BlackElo "1901"]
[Annotator "NA"]
[PlyCount "87"]
[EventDate "2018.07.10"]
[EventType "team-tourn"]
[EventCountry "GRE"]
[SourceTitle "playchess.com"]
[Source "ChessBase"]
[SourceQuality "1"]
[TimeControl "40/5400+30:1800+30"]

1. Nf3 Nf6 2. g3 d5 3. Bg2 Bg4 4. h3 Bh5 5. d3 e6 6. g4 Bg6 7. Ne5 Bd6 8. Nxg6 hxg6 9. e3 c6 10. Nd2 Nbd7 11. b3 Qe7 12. Bb2 a5 13. a4 e5 14. Qc1 O-O 15. Ba3 Bb4 16. O-O Rfe8 17. Bxb4 axb4 18. d4 e4 19. c3 Nh7 20. cxb4 Qxb4 21. Rd1 Qe7 22. Qa3 Qe6 23. Qb4 Rab8 24. Nf1 f5 25. Nh2 Rf8 26. Qd2 Qe7 27. Rf1 Rbe8 28. Rae1 fxg4 29. hxg4 Ng5 30. Qd1 Rf7 31. f4 exf3 32. Nxf3 Ne4 33. Ne5 Nxe5 34. Bxe4 dxe4 35. dxe5 Rxf1+ 36. Rxf1 Qxe5 37. Kg2 Qe6 38. Rf4 Rf8 39. Rxf8+ Kxf8 40. Qd8+ Kf7 41. Qc7+ Kg8 42. Qb8+ Kh7 43. Qh2+ Kg8 44. Qb8+ 1/2-1/2

[Event "46th GRE-chT Premier 2018"]
[Site "Rio Achaia"]
[Date "2018.07.12"]
[Round "4"]
[White "Serefidou, Despina"]
[Black "Ratsma, Rosa"]
[Result "0-1"]
[ECO "B92"]
[WhiteElo "1906"]
[BlackElo "2265"]
[Annotator "NA"]
[PlyCount "108"]
[EventDate "2018.07.10"]
[EventType "team-tourn"]
[EventCountry "GRE"]
[SourceTitle "playchess.com"]
[Source "ChessBase"]
[SourceQuality "1"]
[TimeControl "40/5400+30:1800+30"]

1. e4 c5 2. Nf3 d6 3. d4 cxd4 4. Nxd4 Nf6 5. Nc3 a6 6. Be2 Nbd7 7. O-O g6 8. a4 Bg7 9. Be3 Qc7 10. a5 O-O 11. Nd5 Qd8 12. f3 e6 13. Nb4 d5 14. exd5 Nxd5 15. Nxd5 exd5 16. Qd2 Re8 17. Rfe1 Ne5 18. b3 Bd7 19. Bh6 Bh8 20. f4 Nc6 21. Nxc6 bxc6 22. Bg5 Qc7 23. Rad1 Qd6 24. b4 Be6 25. c4 d4 26. c5 Qd7 27. Bd3 Bg7 28. Bh4 Reb8 29. Bf2 Bb3 30. Rb1 Bd5 31. Bf1 Be6 32. Bd3 Rd8 33. Bh4 Rdc8 34. Rbd1 Qd5 35. Be4 Qb3 36. Bd3 Rcb8 37. Rb1 Qc3 38. Qxc3 dxc3 39. Re2 Ra7 40. Be1 Bg4 41. Ra2 Rd8 42. Bc2 Rad7 43. h3 Bd1 44. Kf1 Rd4 45. g3 Bxc2 46. Rxc2 Rc4 47. Ke2 f5 48. Rbc1 Rxb4 49. Bxc3 Bxc3 50. Rxc3 Rb5 51. Re3 Rb2+ 52. Kf3 Rdd2 53. Re8+ Kf7 54. Ra8 Rd3# 0-1

[Event "46th GRE-chT Premier 2018"]
[Site "Rio Achaia"]
[Date "2018.07.12"]
[Round "4"]
[White "Vallianos, Gerasimos"]
[Black "Ergazakis, Ioannis"]
[Result "0-1"]
[ECO "A35"]
[WhiteElo "1899"]
[BlackElo "2228"]
[Annotator "NA"]
[PlyCount "60"]
[EventDate "2018.07.10"]
[EventType "team-tourn"]
[EventCountry "GRE"]
[SourceTitle "playchess.com"]
[Source "ChessBase"]
[SourceQuality "1"]
[TimeControl "40/5400+30:1800+30"]

1. Nf3 c5 2. c4 Nc6 3. Nc3 Nf6 4. g3 d6 5. Bg2 g6 6. O-O Bg7 7. d4 cxd4 8. Nxd4 Bd7 9. b3 O-O 10. Bb2 Rc8 11. Nc2 a6 12. Nd5 Nxd5 13. Bxg7 Kxg7 14. Qxd5 b5 15. cxb5 axb5 16. Ne3 Qb6 17. Rfc1 Nd4 18. Kf1 Bc6 19. Qg5 f6 20. Nd5 Qb7 21. Qe3 Bxd5 22. Bh3 Rxc1+ 23. Rxc1 e5 24. Qd2 Be6 25. Bg2 Bh3 26. f3 Bxg2+ 27. Kxg2 Rc8 28. Rxc8 Qxc8 29. Qa5 Qc2 30. Qa7+ Kh6 0-1

[Event "46th GRE-chT Premier 2018"]
[Site "Rio Achaia"]
[Date "2018.07.12"]
[Round "4"]
[White "Gkikas, Vasilios"]
[Black "Makris, Spyridon-Dionysios"]
[Result "1-0"]
[ECO "C55"]
[WhiteElo "1892"]
[BlackElo "1799"]
[Annotator "NA"]
[PlyCount "83"]
[EventDate "2018.07.10"]
[EventType "team-tourn"]
[EventCountry "GRE"]
[SourceTitle "playchess.com"]
[Source "ChessBase"]
[SourceQuality "1"]
[TimeControl "40/5400+30:1800+30"]

1. e4 e5 2. Nf3 Nc6 3. Bc4 Nf6 4. d3 Be7 5. c3 d6 6. Bb3 Na5 7. Bc2 c5 8. Nbd2 Nc6 9. Nf1 h6 10. Ng3 O-O 11. O-O Re8 12. Qe2 Bf8 13. Bb3 d5 14. h3 g6 15. Rd1 Be6 16. Be3 Qc7 17. Bc2 a6 18. Nh4 d4 19. Bd2 Bg7 20. Rf1 Nd7 21. Nf3 b5 22. Nh2 c4 23. Ng4 h5 24. Nh6+ Kh7 25. Nhf5 Nc5 26. Nxg7 Kxg7 27. Rfd1 Rad8 28. Bc1 dxc3 29. bxc3 h4 30. Qe3 hxg3 31. Qxc5 gxf2+ 32. Qxf2 Qe7 33. d4 exd4 34. cxd4 Qf6 35. Qxf6+ Kxf6 36. d5 Nb4 37. Bb2+ Kg5 38. dxe6 Nxc2 39. exf7 Rf8 40. Rxd8 Rxd8 41. Rf1 Rf8 42. Bg7 1-0

[Event "46th GRE-chT Premier 2018"]
[Site "Rio Achaia"]
[Date "2018.07.12"]
[Round "4"]
[White "Georgiadis, Alexandros"]
[Black "Sgouros, Apostolos"]
[Result "1-0"]
[ECO "E86"]
[WhiteElo "1882"]
[BlackElo "2024"]
[Annotator "NA"]
[PlyCount "73"]
[EventDate "2018.07.10"]
[EventType "team-tourn"]
[EventCountry "GRE"]
[SourceTitle "playchess.com"]
[Source "ChessBase"]
[SourceQuality "1"]
[TimeControl "40/5400+30:1800+30"]

1. d4 Nf6 2. c4 g6 3. Nc3 Bg7 4. e4 d6 5. f3 O-O 6. Nge2 e5 7. Be3 c6 8. Qd2 Qa5 9. d5 cxd5 10. cxd5 Na6 11. Nc1 Nc5 12. a3 Qd8 13. b4 Na6 14. Bxa6 bxa6 15. Nb3 Nh5 16. Na5 f5 17. Nc6 Qd7 18. O-O Nf4 19. Kh1 Bf6 20. a4 Qg7 21. g3 Bd7 22. b5 g5 23. gxf4 Bxc6 24. fxg5 Bd7 25. gxf6 Rxf6 26. Rg1 Rg6 27. exf5 Bxf5 28. Ne4 Rf8 29. Bh6 Qf7 30. Rxg6+ Bxg6 31. Nxd6 Qxf3+ 32. Qg2 Qc3 33. Rc1 Qa3 34. Nc4 Qxa4 35. Bxf8 axb5 36. Nb2 Qf4 37. Rf1 1-0

[Event "46th GRE-chT Premier 2018"]
[Site "Rio Achaia"]
[Date "2018.07.12"]
[Round "4"]
[White "Berbatis, Antonios"]
[Black "Tzagarakis, Panagiotis"]
[Result "1-0"]
[ECO "B56"]
[WhiteElo "1881"]
[BlackElo "1573"]
[Annotator "NA"]
[PlyCount "67"]
[EventDate "2018.07.10"]
[EventType "team-tourn"]
[EventCountry "GRE"]
[SourceTitle "playchess.com"]
[Source "ChessBase"]
[SourceQuality "1"]
[TimeControl "40/5400+30:1800+30"]

1. e4 c5 2. Nf3 d6 3. d4 cxd4 4. Nxd4 Nf6 5. Nc3 Nc6 6. h3 g6 7. Be3 Bg7 8. Qd2 O-O 9. O-O-O Bd7 10. g4 Nxd4 11. Bxd4 Bc6 12. Bg2 Qa5 13. Kb1 Rfe8 14. g5 Nh5 15. Bxg7 Nxg7 16. f4 Rac8 17. h4 b5 18. f5 b4 19. Ne2 gxf5 20. h5 Bxe4 21. Bxe4 fxe4 22. g6 Rc5 23. gxf7+ Kxf7 24. Rdf1+ Nf5 25. Nd4 e6 26. Qh6 Re7 27. Qxh7+ Ke8 28. Qg8+ Kd7 29. Nb3 Qb6 30. Nxc5+ Qxc5 31. h6 Nd4 32. Rc1 Nf3 33. h7 Nd2+ 34. Ka1 1-0

[Event "46th GRE-chT Premier 2018"]
[Site "Rio Achaia"]
[Date "2018.07.12"]
[Round "4"]
[White "Bardis, Harilaos-Panagiotis"]
[Black "Krallis, Christos"]
[Result "0-1"]
[ECO "B27"]
[WhiteElo "1866"]
[BlackElo "2132"]
[Annotator "NA"]
[PlyCount "98"]
[EventDate "2018.07.10"]
[EventType "team-tourn"]
[EventCountry "GRE"]
[SourceTitle "playchess.com"]
[Source "ChessBase"]
[SourceQuality "1"]
[TimeControl "40/5400+30:1800+30"]

1. e4 c5 2. Nf3 g6 3. c3 Bg7 4. d4 cxd4 5. cxd4 d5 6. e5 Nc6 7. h3 f6 8. exf6 Nxf6 9. Bb5 Qa5+ 10. Nc3 Ne4 11. Qb3 Nxc3 12. bxc3 a6 13. Bxc6+ bxc6 14. Bf4 O-O 15. Bg3 Bf5 16. O-O Rac8 17. Kh2 Bf6 18. Rfe1 h5 19. a4 g5 20. h4 g4 21. Ne5 Rb8 22. Qa3 Rfc8 23. Qc1 Qd8 24. Qh6 Qe8 25. Rac1 Bg7 26. Qg5 e6 27. c4 Kh7 28. Bf4 Bf8 29. cxd5 cxd5 30. Nc6 Rb7 31. Na5 Rxc1 32. Bxc1 Rb8 33. Bf4 Rc8 34. Nb7 Qg6 35. Qxg6+ Kxg6 36. Bd6 Bg7 37. Bc5 Rc7 38. Nd6 Rc6 39. a5 e5 40. Nxf5 Kxf5 41. Rd1 Ke4 42. Kg3 exd4 43. f3+ Ke3 44. Re1+ Kd3 45. Bb6 Kd2 46. Re7 Bf8 47. Rh7 Bd6+ 48. f4 Rc3+ 49. Kf2 g3+ 0-1

[Event "46th GRE-chT Premier 2018"]
[Site "Rio Achaia"]
[Date "2018.07.12"]
[Round "4"]
[White "Giatrakos, Orestis"]
[Black "Ladopoulos, Dimitrios"]
[Result "0-1"]
[ECO "A48"]
[WhiteElo "1860"]
[BlackElo "2183"]
[Annotator "NA"]
[PlyCount "66"]
[EventDate "2018.07.10"]
[EventType "team-tourn"]
[EventCountry "GRE"]
[SourceTitle "playchess.com"]
[Source "ChessBase"]
[SourceQuality "1"]
[TimeControl "40/5400+30:1800+30"]

1. d4 Nf6 2. Nf3 g6 3. c4 Bg7 4. Nc3 d6 5. h3 O-O 6. Bf4 Nfd7 7. e3 e5 8. Bh2 Nc6 9. Be2 f5 10. dxe5 dxe5 11. O-O e4 12. Nd2 Nce5 13. Nb3 c6 14. Qc2 Qe7 15. Rad1 Nf7 16. Nd4 Nde5 17. a4 Bd7 18. b3 Rae8 19. Rb1 g5 20. b4 g4 21. hxg4 Nxg4 22. Bxg4 fxg4 23. Nde2 Ng5 24. Nf4 Rf6 25. Nce2 Rh6 26. Bg3 Rf8 27. Rfd1 Nf3+ 28. gxf3 gxf3 29. Nc3 Rxf4 30. exf4 Qe6 31. Qxe4 Rh1+ 32. Kxh1 Qh3+ 33. Bh2 Qg2# 0-1

[Event "46th GRE-chT Premier 2018"]
[Site "Rio Achaia"]
[Date "2018.07.12"]
[Round "4"]
[White "Koutlas, Nikolaos"]
[Black "Stamatiou, Rodolfos"]
[Result "1-0"]
[ECO "D45"]
[WhiteElo "1856"]
[BlackElo "1950"]
[Annotator "NA"]
[PlyCount "109"]
[EventDate "2018.07.10"]
[EventType "team-tourn"]
[EventCountry "GRE"]
[SourceTitle "playchess.com"]
[Source "ChessBase"]
[SourceQuality "1"]
[TimeControl "40/5400+30:1800+30"]

1. c4 e6 2. d4 d5 3. Nc3 c6 4. e3 Nf6 5. Nf3 Nbd7 6. Qc2 Bd6 7. Bd3 dxc4 8. Bxc4 e5 9. O-O O-O 10. Rd1 Qe7 11. h3 exd4 12. exd4 Nb6 13. Re1 Qc7 14. Bb3 h6 15. Bxh6 Bf4 16. Bg5 Bxg5 17. Nxg5 Qf4 18. Nge4 Bf5 19. Qc1 Qxc1 20. Nxf6+ gxf6 21. Raxc1 Rfe8 22. Rxe8+ Rxe8 23. Rd1 Rd8 24. d5 cxd5 25. Nxd5 Nxd5 26. Rxd5 Rxd5 27. Bxd5 b6 28. f4 Kg7 29. Kf2 Bd7 30. g4 f5 31. g5 f6 32. gxf6+ Kxf6 33. Ke3 Bb5 34. Kd4 Bd7 35. a3 Bb5 36. h4 Bd7 37. Bf3 Be6 38. Bc6 Bf7 39. Bd7 Bg8 40. Be8 Be6 41. h5 Bg8 42. h6 a6 43. b4 a5 44. bxa5 bxa5 45. Kc5 Bb3 46. Kb5 a4 47. Kb4 Bd1 48. Bxa4 Bh5 49. Bc2 Bg4 50. a4 Kg6 51. a5 Kxh6 52. a6 Kg6 53. Kc5 Kf6 54. Bb3 Bf3 55. Bd5 1-0

[Event "46th GRE-chT Premier 2018"]
[Site "Rio Achaia"]
[Date "2018.07.12"]
[Round "4"]
[White "Koutsogiannopoulou, Theodora"]
[Black "Pavlidou, Ekaterini"]
[Result "0-1"]
[ECO "B44"]
[WhiteElo "1852"]
[BlackElo "2186"]
[Annotator "NA"]
[PlyCount "80"]
[EventDate "2018.07.10"]
[EventType "team-tourn"]
[EventCountry "GRE"]
[SourceTitle "playchess.com"]
[Source "ChessBase"]
[SourceQuality "1"]
[TimeControl "40/5400+30:1800+30"]

1. e4 c5 2. Nf3 Nc6 3. d4 cxd4 4. Nxd4 e6 5. Nb5 d6 6. c4 a6 7. N5c3 Be7 8. g3 Nf6 9. Bg2 Qc7 10. O-O Bd7 11. Na3 Ne5 12. Qe2 Rc8 13. b3 b5 14. f4 b4 15. fxe5 dxe5 16. Nab1 bxc3 17. Nxc3 Bc6 18. Bb2 Bc5+ 19. Kh1 O-O 20. Rad1 Rfd8 21. h3 Rxd1 22. Rxd1 Rd8 23. Kh2 h6 24. Bf3 Rxd1 25. Qxd1 Bd4 26. Qd3 Qb6 27. Kg2 Nd7 28. Qe2 Qa5 29. Qc2 Qb4 30. a3 Qb7 31. Nd5 exd5 32. exd5 Ba4 33. Bxd4 Bxb3 34. Qe4 exd4 35. Qe8+ Nf8 36. d6 Qd7 37. Qxd7 Nxd7 38. Bc6 Ne5 39. Be8 Kf8 40. d7 Ke7 0-1